 Dungeon Sprint DCSS version 0.32-a0-12-g7fc57aa741 (webtiles) character file.

Game seed: 7648034241059021439

329 Conn the Sneak (level 6, -1/36 HPs)
             Began as an Octopode Fire Elementalist on Jan 14, 2024.
             Was an Initiate of Sif Muna.
             Slain by a polar bear (15 damage)
             ... in the Dungeon (Sprint II: "The Violet Keep of Menkaure").
             The game lasted 00:07:09 (514 turns).

Conn the Sneak (Octopode Fire Elementalist)          Turns: 514, Time: 00:07:13

Health: -1/36      AC:  1    Str:  7    XL:     6   Next: 51%
Magic:  11/15      EV: 15    Int: 19    God:    Sif Muna [......]
Gold:   416        SH:  0    Dex: 13    Spells: 8/18 levels left

rFire   + . .        t - +0 short sword
rCold   + . .        (no shield)
rNeg    . . .        (helmet restricted)
rPois   +            (no amulet)
rElec   +            (no ring)
rCorr   +            (no ring)
SInv    .            (no ring)
Will    +....        (no ring)
Stlth   +++++        (no ring)
HPRegen 0.26/turn    (no ring)
MPRegen 0.14/turn    (no ring)
                     (no ring)

%: no teleportation
@: resistant, enlightened, flying (expiring)
A: almost no armour, amphibious, 8 rings, camouflage 1, gelatinous body 1,
nimble swimmer 1, tentacles
a: Renounce Religion


You were in the Dungeon.
You worshipped Sif Muna.
Sif Muna was noncommittal.
You visited 1 branch You collected 416 gold pieces.

Inventory:

Hand Weapons
 t - a +0 short sword (weapon)
Missiles
 i - 3 poisoned darts
Jewellery
 j - a ring of willpower
Scrolls
 l - a scroll of fog
 n - a scroll of immolation
 p - a scroll of revelation
Potions
 a - 5 potions of magic
 b - 2 potions of curing
 d - 2 potions of enlightenment
 g - a potion of lignification {unknown}
 h - a potion of might {unknown}
 k - a potion of invisibility {unknown}
 o - a potion of resistance
 q - a potion of cancellation {unknown}
 s - a potion of ambrosia


   Skills:
 + Level 5.3 Dodging
 - Level 7.2 Stealth
 * Level 6.6 Spellcasting
 * Level 6.9 Conjurations
 + Level 1.4 Hexes
 + Level 5.7 Fire Magic
 * Level 2.4 Invocations


You had 8 spell levels left.
You knew the following spells:

 Your Spells              Type           Power      Damage    Failure   Level
a - Foxfire               Conj/Fire      100%       2x1d9     1%          1
b - Scorch                Fire           56%        2d7       1%          2
c - Inner Flame           Hex/Fire       19%        N/A       8%          3
d - Flame Wave            Conj/Fire      30%        2d9       8%          4

Your spell library contained the following spells:

 Spells                   Type           Power      Damage    Failure   Level
 Dazzling Flash           Conj/Hex       44%        N/A       5%          3
 Volatile Blastmotes      Fire/Tloc      34%        2d12      10%         3
 Mephitic Cloud           Conj/Alch/Air  15%        N/A       12%         3
 Call Imp                 Summ           12%        N/A       16%         2
 Gell's Gravitas          Tloc           6%         N/A       32%         3
 Teleport Other           Tloc           6%         N/A       32%         3
 Starburst                Conj/Fire      15%        6d6       77%         6
 Dispersal                Tloc           3%         N/A       100%        6
 Summon Cactus Giant      Summ           3%         N/A       100%        6
 Maxwell's Capacitive Co  Air            3%         ∞         100%        8
 Chain Lightning          Conj/Air       9%         3d12      100%        9


Dungeon Overview and Level Annotations

Branches:
Dungeon (1/1)

Altars:
Cheibriados
Dithmenos
Elyvilon
Fedhas
Gozag
Hepliaklqana
Kikubaaqudgha
Makhleb
Nemelex Xobeh
Okawaru
Qazlal
Ru
Sif Muna
Trog
Uskayaw
Vehumet
Wu Jian
Xom
Yredelemnul
Zin
The Shining One
Jiyva
Lugonu


Innate Abilities, Weirdness & Mutations

You cannot wear most types of armour.
You are amphibious.
You can wear up to eight rings at the same time.
Your skin changes colour to match your surroundings (Stealth+).
Your rubbery body absorbs attacks. (AC +1, EV +1)
You are camouflaged when in or above water. (Stealth+)
You have tentacles for arms and can constrict up to eight enemies at once.


Message History

* * * LOW HITPOINT WARNING * * *
The polar bear claws you.
* * * LOW HITPOINT WARNING * * *
The polar bear misses you.
Blink to where?
Press: ? - help, Dir - move target
As you read the scroll of blinking, it crumbles to dust.
You see here a crocodile skeleton.
Casting: Flame Wave (quite dangerous; 8% risk of failure)
Confirm with . or Enter, or press ? or * to list all spells.
Okay, then.
Unknown command.
Unknown command.
Magic courses through your body.
You are starting to lose your buoyancy.
Tentacles burst out of the water!
A tentacle comes into view.
You aren't carrying any items that you can evoke.
Casting: Flame Wave (quite dangerous; 8% risk of failure)
Confirm with . or Enter, or press ? or * to list all spells.
Okay, then.
Unknown command.
Okay, then.
Unknown command.
The air fills with toxic fumes!
As you read the scroll of poison, it crumbles to dust.
You feel better.
The polar bear is engulfed in poison gas.
The polar bear is poisoned.
The polar bear goes berserk!
Unknown command.
Casting: Flame Wave (quite dangerous; 8% risk of failure)
Confirm with . or Enter, or press ? or * to list all spells.
Casting: Flame Wave (quite dangerous; 8% risk of failure)
Press: ? - help, Dir - look around, f - activate A wave of flame ripples out!
The flame wave engulfs the polar bear.
The polar bear is severely wounded. (Press . to intensify the flame waves.)
The polar bear is engulfed in poison gas.
The polar bear looks even sicker.
The polar bear bites you!
You die...

*,,****,*,,#○:▓)..).)[.▓▓.⌠,*,*,+
####,,+.##.#○}▓).(.....▓▓.,,*,*,+
...#,,*^..####▓..).([[.▓▓$,,*,*,+
#..##**#..##$#▓)....).[▓▓.,,*,*,+
##..#,,+..#.y#▓.....[.(▓▓.,,*,*,+
.#..#,,#..#.h#▓.[[.....▓▓.⌠,*,*,*
.'..####..##.#▓)....[.)▓▓.,,*,*,*
.#....###§§§##▓▓▓▓▓▓▓§▓▓▓▓+▓*,***
##...§..~~§~c~hh@§§§§§§.X≈≈▓,,,,,
#~§.....~#'########+###§w≈≈▓,,,,,
~~§~~~..~#....._..#l~§##≈≈≈▓,,,,,
~~~~~~§.~#...._._.#~§l§####▓****~
~§≈≈~§~~~#..._._._#~§§~§##,,*,,*~
~~≈≈§≈§§~#.._._._.#~~~≈§≈#,,*,,*~
~≈≈≈≈≈§≈~#._._._._#~~~~~§+,,+,,*~
#≈§≈###≈§#_._._._.#§~~~≈§*,,*,,*~
**~~*,#≈§#._._._._#~§≈§~~*,,*,,*~


You could see 2 polar bears, a yaktaur and 2 crocodiles.

Vanquished Creatures
  A crocodile (D)
  4 necrophages (D)
5 creatures vanquished.

Vanquished Creatures (others)
  12 foxfires (D)
  16 tentacles (D)
28 creatures vanquished.

Grand Total: 33 creatures vanquished

Notes
Turn   | Place    | Note
-------+----------+-------------------------------------------
     0 | D        | Conn the Octopode Fire Elementalist began the quest for the
                  | Orb.
     0 | D        | Reached XP level 1. HP: 11/11 MP: 3/3
     1 | D        | Noticed a merfolk siren
     5 | D        | Noticed a wyvern
     5 | D        | Noticed a wyvern
     8 | D        | Noticed a necrophage
     8 | D        | Noticed a necrophage
     8 | D        | Noticed a necrophage
     8 | D        | Noticed a necrophage
    16 | D        | Killed a necrophage
    17 | D        | Reached skill level 4 in Stealth
    17 | D        | Reached XP level 2. HP: 13/17 MP: 0/7
    17 | D        | Reached XP level 3. HP: 17/21 MP: 0/8
    17 | D        | Reached XP level 4. HP: 22/27 MP: 0/10
    19 | D        | Killed a necrophage
    20 | D        | Reached skill level 5 in Stealth
    20 | D        | Reached skill level 5 in Spellcasting
    20 | D        | Reached skill level 5 in Conjurations
    20 | D        | Reached XP level 5. HP: 23/31 MP: 0/12
    25 | D        | HP: 1/29 [necrophage (7)]
    27 | D        | Reached skill level 6 in Stealth
    27 | D        | Reached skill level 5 in Fire Magic
    37 | D        | Reached skill level 5 in Dodging
    37 | D        | Reached skill level 7 in Stealth
    37 | D        | Reached XP level 6. HP: 14/36 MP: 0/15
    51 | D        | Learned a level 2 spell: Scorch
    55 | D        | Learned a level 3 spell: Inner Flame
    60 | D        | Learned a level 4 spell: Flame Wave
    70 | D        | Noticed a boulder beetle
    70 | D        | Noticed a boulder beetle
    81 | D        | Found a blossoming altar of Fedhas.
    82 | D        | Found a white marble altar of Elyvilon.
    83 | D        | Found a shadowy altar of Dithmenos.
    83 | D        | Found a corrupted altar of Lugonu.
    83 | D        | Found an opulent altar of Gozag.
    83 | D        | Found a burning altar of Makhleb.
    84 | D        | Found a snail-covered altar of Cheibriados.
    84 | D        | Found an ancient bone altar of Kikubaaqudgha.
    84 | D        | Found a bloodstained altar of Trog.
    85 | D        | Found a viscous altar of Jiyva.
    85 | D        | Found a shimmering blue altar of Sif Muna.
    86 | D        | Found a hazy altar of Hepliaklqana.
    86 | D        | Found a sacrificial altar of Ru.
    87 | D        | Found a shimmering altar of Xom.
    88 | D        | Found a stormy altar of Qazlal.
    88 | D        | Found an ornate altar of the Wu Jian Council.
    88 | D        | Found a sparkling altar of Nemelex Xobeh.
    88 | D        | Found a hide-covered altar of Uskayaw.
    88 | D        | Found a basalt altar of Yredelemnul.
    88 | D        | Found a glowing golden altar of the Shining One.
    89 | D        | Found a radiant altar of Vehumet.
    89 | D        | Found an iron altar of Okawaru.
    89 | D        | Found a glowing silver altar of Zin.
    94 | D        | Became a worshipper of Sif Muna the Loreminder
   112 | D        | Reached skill level 1 in Hexes
   207 | D        | Noticed a kraken
   352 | D        | Got the Compendium of Galvanic Leadership
   473 | D        | Noticed a yaktaur
   473 | D        | Noticed a polar bear
   473 | D        | Noticed a hornet
   473 | D        | Noticed a polar bear
   473 | D        | Noticed a polar bear
   507 | D        | HP: 1/36 [polar bear (1)]
   514 | D        | Slain by a polar bear

Illustrated notes

Levels and vault maps discovered:
D:        the_violet_keep_of_menkaure [sprint2_stairs_cluster_1,
          sprint2_shoproom, sprint2_temple, sprint2_basic_supplies,
          sprint2_obstacle_7, sprint2_obstacle_5, sprint2_obstacle_6,
          sprint2_obstacle_4, sprint2_obstacle_3, sprint2_timed_cluster_1,
          sprint2_smallroom_cluster_1, sprint2_smallroom_final_cluster_1,
          sprint2_transparent_cluster_1, sprint2_second_timed_cluster_1,
          sprint2_sniper_area_1, sprint2_heavy_combat_area_1,
          sprint2_mutation_trap_area_1, sprint2_forest_area_1,
          sprint2_light_combat_area_1, sprint2_behind_water_1,
          sprint2_near_end_vault_1]

Skill      XL: |  1  2  3  4  5  6 |
---------------+-------------------+-----
Dodging        | 3 4 5 |  5.3
Stealth        | 4 5 7 |  7.2
Spellcasting   | 4 5 6 |  6.6
Conjurations   | 4 5 6 |  6.9
Fire Magic     | 4 5 |  5.7
Hexes          | 1 |  1.4
Invocations    | 2 |  2.4

Action                     |  1- 3 |  4- 6 || total
---------------------------+-------+-------++-------
  Melee: Unarmed           |     3 |    13 ||    16
         Tentacles         |     1 |     6 ||     7
         Constrict         |     1 |     3 ||     4
   Cast: Foxfire           |     3 |     5 ||     8
         Scorch            |       |     4 ||     4
         Flame Wave        |       |     3 ||     3
         Inner Flame       |       |     2 ||     2
    Use: Potion            |     2 |     8 ||    10
         Scroll            |       |     8 ||     8
 Armour: Skin              |     1 |    23 ||    24
  Dodge: Dodged            |       |    22 ||    22

Table legend: (Time is in decaauts)
 A = Elapsed time spent in this place.
 B = Non-inter-level travel time spent in this place.
 C = Inter-level travel time spent in this place.
 D = Time resting spent in this place.
 E = Time spent auto-exploring this place.
 F = Levels seen in this place.
 G = Mean time per level.
                   A        B        C        D        E       F      G
               +--------+--------+--------+--------+--------+-----+--------+
         Total |    507 |    507 |      0 |    190 |      0 |   1 |  507.0 |
       Dungeon |    507 |    507 |      0 |    190 |      0 |   1 |  507.0 |
               +--------+--------+--------+--------+--------+-----+--------+

Top non-repeatable levels by time:
       D: 507 daAuts
